 Dungeon Crawl Stone Soup version 0.30.0 (webtiles) character file.

Game seed: 12652341788697429588

440 zlionsfan the Trooper (level 7, -3/53 HPs)
             Began as a Barachi Wanderer on May 6, 2023.
             Was an Initiate of Gozag.
             Slain by an ogre
             ... wielding a +0 giant club
              (29 damage)
             ... on level 4 of the Dungeon.
             The game lasted 00:16:26 (3804 turns).

zlionsfan the Trooper (Barachi Wanderer)            Turns: 3804, Time: 00:16:26

Health: -3/53      AC:  6    Str: 16    XL:     7   Next: 2%
Magic:  12/12      EV: 11    Int: 11    God:    Gozag
Gold:   702        SH:  0    Dex: 12    Spells: 10/13 levels left

rFire   . . .        v - +1 war axe (venom)
rCold   . . .        (no shield)
rNeg    . . .        e - +0 leather armour
rPois   .            g - +0 helmet
rElec   .            f - +0 cloak
rCorr   .            (no gloves)
SInv    .            a - +0 pair of boots
Will    .....        (no amulet)
Stlth   +            s - +4 ring of slaying
HPRegen 0.28/turn    (no ring)
MPRegen 0.13/turn

%: no passive effects
@: gold aura, slow
A: amphibious, slowness 1, strong legs 1, +LOS
a: Hop, Renounce Religion, Potion Petition, Call Merchant, Bribe Branch


You were on level 4 of the Dungeon.
You worshipped Gozag.
Gozag was pleased with you.
You visited 1 branch of the dungeon, and saw 4 of its levels.

You collected 702 gold pieces.

Inventory:

Hand Weapons
 u - a +0 flail
 v - a +1 war axe of venom (weapon)
Missiles
 b - 8 boomerangs
 j - 5 atropa-tipped darts (quivered)
 x - a throwing net
Armour
 a - a +0 pair of boots (worn)
 e - a +0 leather armour (worn)
 f - a +0 cloak (worn)
 g - a +0 helmet (worn)
 p - a +0 cloak
Jewellery
 s - a +4 ring of slaying (left hand)
Wands
 h - a wand of flame (11)
Scrolls
 i - 2 scrolls of poison
 l - a scroll of blinking
 m - a scroll of vulnerability
 n - a scroll of magic mapping
 r - 2 scrolls of teleportation
 w - a scroll of silence
Potions
 c - a potion of curing
 d - 3 potions of brilliance
 k - a potion of resistance
 q - a potion of heal wounds
 t - a potion of mutation {unknown}
 z - a potion of haste {unknown}


   Skills:
 * Level 3.7 Fighting
 * Level 2.7(3.5) Axes
 + Level 3.4(3.9) Maces & Flails
 + Level 2.1 Throwing
 + Level 2.7 Armour
 + Level 1.4 Dodging
 + Level 1.1 Stealth
 * Level 3.6 Spellcasting
 * Level 3.1 Hexes


You had 10 spell levels left.
You knew the following spells:

 Your Spells              Type           Power      Damage    Failure   Level
a - Slow                  Hex            32%        N/A       8%          1
b - Ensorcelled Hibernat  Hex/Ice        10%        N/A       24%         2

Your spell library contained the following spells:

 Spells                   Type           Power      Damage    Failure   Level
 Sandblast                Erth           2%         2d4       30%         1
 Passwall                 Tmut/Erth      0%         N/A       41%         2
 Cause Fear               Hex            4%         N/A       61%         4
 Stone Arrow              Conj/Erth      2%         3d7       65%         3
 Ice Form                 Ice/Tmut       1%         N/A       96%         4
 Necromutation            Tmut/Necr      0%         N/A       100%        8
 Animate Dead             Necr           Unusable   N/A       N/A         4

Dungeon Overview and Level Annotations

Branches:
Dungeon (4/15)
 Temple: D:4-7

Altars:
Gozag


Innate Abilities, Weirdness & Mutations

You are amphibious.
You cover ground slowly.
You can hop short distances.
You have an extended range of vision and can be seen from far away.


Message History

Found a stone staircase leading down.
An iguana comes into view.
You see here 2 red potions.
The iguana hisses angrily.
An ogre comes into view. It is wielding a +0 giant club.
You barely miss the iguana. The iguana misses you.
You hit the iguana.
The iguana is moderately wounded.
The iguana closely misses you.
You closely miss the iguana.
The iguana is moderately wounded.
The iguana bites you but does no damage.
The iguana bites you!
You hit the iguana. You punch the iguana.
The iguana is severely wounded.
The iguana misses you.
Throw: 6 darts (atropa)
Press: ? - help, Q - select action, (/) - cycle Shift-Dir - straight line, f - ogre
Aim: an ogre, wielding a +0 giant club (77% to hit, chance to blind on hit: 51%)
You throw an atropa-tipped dart. The atropa-tipped dart hits the ogre.
The ogre appears confused.
The ogre seems less confused.
The iguana misses you. The ogre hits you with a +0 giant club.
You hit the ogre.
The ogre is poisoned.
The ogre is lightly wounded.
You slash the iguana!
You kill the iguana!
The ogre hits you with a +0 giant club!
You have reached level 7!
You barely miss the ogre.
The ogre is lightly wounded.
You slash the ogre!
The ogre is heavily wounded.
The ogre is no longer blind.
The ogre closely misses you.
You hit the ogre.
The ogre looks as sick as possible!
The ogre is almost dead.
The ogre hits you with a +0 giant club!!
Ouch! That really hurt!
You die...
Your body crumbles into a pile of gold.

...........(.............#
.......................#.#
.......................#.#
..........................
.......>...!...........#.#
.......................#.#
.......................#.#
.......................#.#
........$@.............#.#
........O..............#.#
.......................#.#
.........................#
..........................
.......................###
..........................
.......................###
.........................


You could see an ogre (extremely poisoned).

Vanquished Creatures
  A bullfrog (D:4)
  3 orc priests (D:3)
  Terence (D:2)
  An iguana (D:4)
  An orc wizard (D:3)
  3 gnolls (D:4)
  7 adders
  An ufetubus (D:4)
  5 worms
  6 dart slugs
  11 orcs
  3 ball pythons
  2 endoplasms
  3 giant cockroaches
  7 goblins
  9 hobgoblins
  5 quokkas
  4 bats
  2 frilled lizards (D:1)
  11 kobolds
  3 rats
89 creatures vanquished.

Notes
Turn   | Place    | Note
-------+----------+-------------------------------------------
     0 | D:1      | zlionsfan the Barachi Wanderer began the quest for the Orb.
     0 | D:1      | zlionsfan set off with the following items: a +0 mace, 8
                  | boomerangs, a +0 dagger, a potion of brilliance, a +0
                  | leather armour; and the following spell memorised: Slow;
                  | and the following spells available to memorise: Ensorcelled
                  | Hibernation, Cause Fear.
     0 | D:1      | Reached XP level 1. HP: 15/15 MP: 3/3
    88 | D:1      | Found a faded altar of an unknown god.
   243 | D:1      | Reached XP level 2. HP: 11/21 MP: 3/5
   310 | D:1      | Prayed at the altar of an unknown god.
   310 | D:1      | Became a worshipper of Gozag Ym Sagoz the Greedy
   463 | D:1      | Got Qiyhaon's Compilation of Subzero Malevolent Words
   677 | D:1      | Reached XP level 3. HP: 13/27 MP: 7/7
  1176 | D:2      | Noticed Terence
  1373 | D:2      | Reached XP level 4. HP: 20/34 MP: 6/8
  1603 | D:2      | Killed Terence
  1892 | D:2      | Learned a level 2 spell: Ensorcelled Hibernation
  1923 | D:2      | Reached skill level 1 in Armour
  1923 | D:2      | Reached XP level 5. HP: 39/39 MP: 9/9
  2338 | D:3      | Reached skill level 1 in Axes
  2341 | D:3      | Reached XP level 6. HP: 11/46 MP: 10/10
  3802 | D:4      | Reached XP level 7. HP: 25/53 MP: 12/12
  3804 | D:4      | Slain by an ogre

Illustrated notes

Levels and vault maps discovered:
D:1:      dpeg_arrival_rooms_a, layout_basic,
          hellmonk_ecumenical_altar_lost_god, corexii_leaking_fountain
D:2:      minmay_alternating_diamond, layout_rooms, serial_aquarium,
          aquarium_bridge_square [aquarium_subvault_bridge,
          aquarium_subvault_window, aquarium_subvault_window,
          aquarium_subvault_bridge], aquarium_bridge_square
          [aquarium_subvault_bridge, aquarium_subvault_bridge,
          aquarium_subvault_bridge, aquarium_subvault_bridge],
          aquarium_window_1, aquarium_window_fake, aquarium_window_1,
          aquarium_view_2g, aquarium_view_2a, aquarium_balcony_3a,
          aquarium_pool_1, minmay_indecisive_spiral, uniq_terence
D:3:      layout_loops_corners, minmay_stone_trees_medium,
          nicolae_figureground_sparkle
D:4:      layout_basic, serial_shops, nicolae_shop_trees,
          lexackson_kobold_supper

Skill      XL: |  1  2  3  4  5  6 |
---------------+-------------------+-----
Fighting       | 2 3 |  3.7
Maces & Flails | 2 3 |  3.4
Spellcasting   | 3 |  3.6
Armour         | 1 2 |  2.7
Axes           | 1 2 |  2.7
Hexes          | 3 |  3.1
Throwing       | |  2.1
Dodging        | |  1.4
Stealth        | |  1.1

Action                     |  1- 3 |  4- 6 |  7- 9 || total
---------------------------+-------+-------+-------++-------
  Melee: Mace              |   123 |    63 |       ||   186
         Punch             |     1 |     5 |       ||     6
         War axe           |       |    93 |     3 ||    96
         Flail             |       |     7 |       ||     7
  Throw: Boomerang         |     7 |     2 |       ||     9
         Dart              |       |     9 |       ||     9
   Cast: Slow              |     6 |     1 |       ||     7
Ability: Hop               |     1 |       |       ||     1
    Use: Scroll            |     3 |     8 |       ||    11
         Potion            |     1 |     2 |       ||     3
   Stab: Sleeping          |     1 |     1 |       ||     2
         Distracted        |     1 |       |       ||     1
 Armour: Leather armour    |    72 |    39 |       ||   111
  Dodge: Dodged            |    83 |    85 |     1 ||   169
